 Dungeon Crawl Stone Soup version 0.28.0-45-g0d030f2227 (webtiles) character file.

Game seed: 14144704960325309666

64 Kziril the Shield-Bearer (level 4, 0/29 HPs)
             Began as a Gargoyle Fighter on Apr 21, 2022.
             Was an Initiate of Okawaru.
             Slain by a gnoll
             ... wielding a +0 halberd
              (7 damage)
             ... on level 2 of the Dungeon.
             The game lasted 00:03:54 (1938 turns).

Kziril the Shield-Bearer (Gargoyle Fighter)         Turns: 1938, Time: 00:03:54

Health: 0/29       AC: 11    Str: 19    XL:     4   Next: 12%
Magic:  4/4        EV:  9    Int:  9    God:    Okawaru [......]
Gold:   47         SH:  5    Dex: 17    Spells: 3/3 levels left

rFire   . . .      SeeInvis .   a - +0 flail
rCold   . . .      Faith    .   c - +0 buckler
rNeg    + + .      Spirit   .   b - +0 scale mail
rPois   ∞          Reflect  .   (no helmet)
rElec   +          Harm     .   e - +0 cloak
rCorr   .          Rampage  .   (no gloves)
Will    .....                   (no boots)
Stlth   ..........              (no amulet)
HPRegen 0.09/turn               i - ring of positive energy
MPRegen 0.09/turn               j - +6 ring of dexterity

@: no status effects
A: sickness immunity, AC +3, negative energy resistance 1, electricity
resistance, torment resistance 1, petrification resistance
a: Renounce Religion


You were on level 2 of the Dungeon.
You worshipped Okawaru.
Okawaru was noncommittal.
You visited 1 branch of the dungeon, and saw 3 of its levels.

You collected 47 gold pieces.

Inventory:

Hand Weapons
 a - a +0 flail (weapon)
Armour
 b - a +0 scale mail (worn)
 c - a +0 buckler (worn)
 e - a +0 cloak (worn)
Jewellery
 i - a ring of positive energy (left hand)
 j - a +6 ring of dexterity (right hand)
Scrolls
 g - 2 scrolls of identify
 h - a scroll of enchant weapon
Potions
 d - a potion of might
 f - a potion of degeneration {unknown}
 k - a potion of lignification {unknown}


   Skills:
 + Level 3.8 Fighting
 + Level 2.7 Maces & Flails
 + Level 3.9 Armour
 + Level 3.9 Shields


You had 3 spell levels left.
You didn't know any spells.
Your spell library was empty.

Dungeon Overview and Level Annotations

Branches:
Dungeon (3/15)

Altars:
Okawaru

Shops:
D:1 (


Innate Abilities, Weirdness & Mutations

You are immune to sickness and miasma.
Your stone body is resilient. (AC +3)
You are immune to poison.
You resist negative energy. (rN+)
You are resistant to electric shocks. (rElec)
You are resistant to unholy torment.
You are immune to petrification.


Message History

You closely miss the gnoll. The gnoll barely misses you. x2
You sock the gnoll!
The gnoll is severely wounded.
You block the gnoll's attack. The gnoll hits you with a +0 halberd.
The gnoll hits you but does no damage.
You completely miss the gnoll.
The gnoll is heavily wounded.
The gnoll barely misses you. The gnoll hits you but does no damage.
The gnoll hits you with a +0 halberd.
* * * LOW HITPOINT WARNING * * *
You sock the gnoll!
You kill the gnoll!
Okawaru accepts your kill. The gnoll closely misses you.
You have reached level 4!
You feel clever.
You hit the gnoll.
The gnoll is lightly wounded.
You block the gnoll's attack.
You barely miss the gnoll.
The gnoll is lightly wounded.
The gnoll hits you with a +0 halberd.
* * * LOW HITPOINT WARNING * * *
The gnoll barely misses you.
You barely miss the gnoll.
The gnoll is lightly wounded.
The gnoll hits you but does no damage.
You barely miss the gnoll.
The gnoll is lightly wounded.
The gnoll hits you but does no damage.
You barely miss the gnoll.
The gnoll is lightly wounded.
You block the gnoll's attack.
You thump the gnoll!
The gnoll is severely wounded.
The gnoll misses you. The gnoll closely misses you.
You hit the gnoll.
The gnoll is severely wounded.
The gnoll hits you with a +0 halberd!
You die...

#...##......##+###.#..#.# #..#.
#...##..#......# #...##+####+##
###...###.###....#####......##.##
.≈..≈...≈...#....##.........#8.8#
......≈.≈≈..####.##.........##.##
≈≈≈≈≈≈≈≈≈≈≈≈≈≈≈#.#..........##.##
≈≈≈≈≈≈≈≈≈≈≈≈≈###.#...†......#8.8#
≈.≈.≈≈......####g#.#####.[..##.##
≈.≈............)@#.# #....##.##
..≈..........#####.# #....#8.8#
.......#.....#.....###########.##
.#...###.....#.###.##8##8##8##.##
.#...# #.....'.# #.'.............
##...# #.....### ####8##8##8##.##
#...###.....# ##########.##
#...........# #8.8# #.....##....#
##.##


You could see a gnoll.

Vanquished Creatures
  A gnoll (D:2)
  2 adders (D:2)
  An orc (D:3)
  7 ball pythons
  5 endoplasms
  A giant cockroach (D:1)
  A goblin (D:1)
  5 hobgoblins
  A quokka (D:1)
  5 bats
  4 frilled lizards
  3 kobolds (D:1)
36 creatures vanquished.

Notes
Turn   | Place    | Note
-------+----------+-------------------------------------------
     0 | D:1      | Kziril the Gargoyle Fighter began the quest for the Orb.
     0 | D:1      | Reached XP level 1. HP: 14/14 MP: 1/1
   112 | D:1      | Reached XP level 2. HP: 18/19 MP: 2/2
   363 | D:1      | Found a faded altar of an unknown god.
   434 | D:1      | Found Ruke's Weapon Shoppe.
  1006 | D:2      | Found an iron altar of Okawaru.
  1012 | D:2      | Became a worshipper of Warmaster Okawaru
  1181 | D:2      | Reached XP level 3. HP: 23/23 MP: 3/3
  1932 | D:2      | Reached XP level 4. HP: 8/29 MP: 4/4
  1938 | D:2      | Slain by a gnoll

Illustrated notes

Levels and vault maps discovered:
D:1:      minmay_arrival_floating_metal, layout_basic, serial_shops,
          nicolae_shop_bloodbath_and_beyond, shapermc_ecumenical_altar_venn
D:2:      layout_basic, basic_altar, corner_web_ring, dk_noncrumbling_2,
          chequers_serial_rivers_small_3, minmay_cupped
D:3:      layout_rooms, mainiacjoe_overflow_chevrons

Action                   |  1- 3 |  4- 6 || total
-------------------------+-------+-------++-------
Melee: Flail             |   122 |     7 ||   129
  Use: Scroll            |     2 |       ||     2
Armor: Scale mail        |    82 |     2 ||    84
Dodge: Dodged            |    77 |     3 ||    80
Block: Buckler           |    37 |     2 ||    39
